 Dungeon Crawl Stone Soup version 0.23.1 (webtiles) character file.

Game seed: 8051828330247757890

497 Kisielow the Firebug (level 6, -2/32 HPs)
             Began as a Deep Elf Fire Elementalist on Mar 6, 2019.
             Slain by Duvessa
             ... wielding a +0 short sword
              (8 damage)
             ... on level 5 of the Dungeon.
             The game lasted 00:12:31 (4628 turns).

Kisielow the Firebug (Deep Elf Fire Elementalist)   Turns: 4628, Time: 00:12:31

Health: -2/32      AC:  6    Str:  5    XL:     6   Next: 93%
Magic:  7/15       EV: 13    Int: 22    God:
Gold:   345        SH:  0    Dex: 15    Spells: 2/15 levels left

rFire    . . .     SeeInvis .   g - +2 short sword (speed)
rCold    . . .     Gourm    .   (no shield)
rNeg     . . .     Faith    .   a - +1 robe
rPois    .         Spirit   .   (no helmet)
rElec    .         Reflect  .   (no cloak)
rCorr    .         Harm     .   f - +2 pair of gloves
MR       .....                  (no boots)
Stlth    ++........             (no amulet)
HPRegen  0.10/turn              (no ring)
MPRegen  0.14/turn              (no ring)

@: very slightly contaminated
A: no striking features
a: no special abilities


You were on level 5 of the Dungeon.
You were very hungry.

You visited 1 branch of the dungeon, and saw 5 of its levels.

You collected 345 gold pieces.

Inventory:

Hand Weapons
 g - a +2 short sword of speed (weapon)
Armour
 a - a +1 robe (worn)
 f - a +2 pair of gloves (worn)
Scrolls
 i - 3 scrolls of magic mapping
 m - 2 scrolls of identify
 o - 3 scrolls of teleportation
Potions
 b - 4 potions of curing
 d - 2 potions of cancellation
 e - a potion of ambrosia {unknown}
 j - 2 potions of heal wounds
 k - a potion of haste {unknown}
Comestibles
 c - 10 rations


   Skills:
 - Level 2.4 Dodging
 - Level 2.4 Stealth
 - Level 5.1 Spellcasting
 + Level 4.1 Conjurations
 * Level 6.7 Fire Magic


You had 2 spell levels left.
You knew the following spells:

 Your Spells              Type           Power        Failure   Level  Hunger
a - Conjure Flame         Conj/Fire      ####....     3%          3    ##.....
e - Fireball              Conj/Fire      ####......   30%         5    #####..
q - Flame Tongue          Conj/Fire      ####.        1%          1    None
w - Sticky Flame          Conj/Fire      ####....     11%         4    ####...

Your spell library contained the following spells:

 Spells                   Type           Power        Failure   Level  Hunger
 Throw Flame              Conj/Fire      ####..       1%          2    None
 Inner Flame              Hex/Fire       ###.....     8%          3    ##.....


Dungeon Overview and Level Annotations

Branches:
Dungeon (5/15)
 Temple: D:4-7

Altars:
Ashenzari

Annotations:
D:5 Duvessa


Message History

Duvessa hits you but does no damage.
Duvessa burns!
Duvessa stops burning.
The killer bee zombie barely misses you. x2
There is a stone staircase leading up here.
Casting: Sticky Flame (safe; 11% risk of failure)
Confirm with . or Enter, or press ? or * to list all spells.
Aiming: Sticky Flame (safe; 11% risk of failure)
Press: ? - help, Shift-Dir - straight line, f/p - Duvessa
Aim: Duvessa, wielding a +0 short sword and wearing a +0 ring mail of cold resistance (severely wounded)
You miscast Sticky Flame.
You are very lightly contaminated with residual magic.
A wave of violent energy washes through your body!
The killer bee zombie hits you.
* * * LOW HITPOINT WARNING * * *
Duvessa hits you with a +0 short sword.
* * * LOW HITPOINT WARNING * * *
The killer bee zombie barely misses you.
The killer bee zombie barely misses you.
Duvessa hits you with a +0 short sword!
You die...

####..
####....
#....######
#.@[.......
#.eZ#######
##.........
#.....####
#....##
#...[.#
#.....#
#####..(.#
###.#


You could see Duvessa and a killer bee zombie.

Vanquished Creatures
  The ghost of Chiseanne the Covert, an amateur SpAs (D:3)
  A bullfrog (D:2)
  A scorpion (D:3)
  Dowan (D:5)
  Jessica (D:3)
  An iguana (D:4)
  2 worker ants
  A hound zombie (D:2)
  2 adders
  2 oozes (D:3)
  A worm (D:4)
  2 dart slugs
  A leopard gecko (D:2)
  6 orcs (D:3)
  9 bats
  5 giant cockroaches
  10 goblins
  5 hobgoblins
  11 jackals
  7 kobolds
  A quokka (D:3)
  A ball python (D:2)
  10 frilled lizards
  11 rats
93 creatures vanquished.

Notes
Turn   | Place    | Note
-------+----------+-------------------------------------------
     0 | D:1      | Kisielow the Deep Elf Fire Elementalist began the quest for
                  | the Orb.
     0 | D:1      | Reached XP level 1. HP: 10/10 MP: 6/6
   357 | D:1      | Reached XP level 2. HP: 15/15 MP: 6/9
   419 | D:1      | Found a shattered altar of Ashenzari.
  1085 | D:1      | Reached XP level 3. HP: 19/19 MP: 9/11
  1106 | D:1      | Learned a level 3 spell: Conjure Flame
  1191 | D:2      | Reached skill level 5 in Spellcasting
  1456 | D:2      | Reached skill level 4 in Fire Magic
  1456 | D:2      | Reached XP level 4. HP: 24/24 MP: 0/13
  1909 | D:2      | Learned a level 4 spell: Sticky Flame
  1938 | D:2      | Noticed a bullfrog
  1982 | D:2      | Killed a bullfrog
  1982 | D:2      | Reached XP level 5. HP: 28/28 MP: 6/14
  2462 | D:3      | Noticed Jessica
  2485 | D:3      | Killed Jessica
  2485 | D:3      | Reached skill level 5 in Fire Magic
  2936 | D:3      | Learned a level 5 spell: Fireball
  3043 | D:3      | Found a large runed translucent door.
  3044 | D:3      | Found a large runed translucent door.
  3050 | D:3      | Noticed Chiseanne's ghost (amateur SpAs)
  3073 | D:3      | Reached XP level 6. HP: 32/32 MP: 6/15
  3613 | D:3      | Killed Chiseanne's ghost
  3613 | D:3      | Reached skill level 6 in Fire Magic
  4582 | D:5      | Entered Level 5 of the Dungeon
  4582 | D:5      | Noticed Duvessa
  4582 | D:5      | Noticed Dowan
  4585 | D:5      | Killed Dowan
  4628 | D:5      | Slain by Duvessa

Skill      XL: |  1  2  3  4  5  6 |
---------------+-------------------+-----
Spellcasting   | 4 5 |  5.1
Fire Magic     | 4 5 6 |  6.7
Conjurations   | 2 3 4 |  4.1
Dodging        | |  2.4
Stealth        | |  2.4

Action                   |  1- 3 |  4- 6 || total
-------------------------+-------+-------++-------
Melee: Short sword       |       |     1 ||     1
 Cast: Flame Tongue      |    65 |   115 ||   180
       Conjure Flame     |     1 |     6 ||     7
       Sticky Flame      |       |     7 ||     7
  Use: Scroll            |       |    11 ||    11
  Eat: Chunk             |     1 |    10 ||    11
Armor: Robe              |     6 |    11 ||    17
Dodge: Dodged            |    12 |    36 ||    48
